 Dungeon Crawl Stone Soup version 0.30.1-4-g462c640d31 (webtiles) character file.

Game seed: 9733436017367352278

80587 Almogavar the Warrior (level 15, -6/113 (116) HPs)
             Began as a Minotaur Berserker on Sept 5, 2023.
             Was a High Priest of Trog.
             Mangled by a profane servitor
             ... wielding a +1 whip of freezing
              (9 damage)
             ... while paralysed
             ... on level 5 of the Abyss on Sept 6, 2023.
             The game lasted 01:25:27 (20058 turns).

Almogavar the Warrior (Minotaur Berserker)         Turns: 20058, Time: 01:25:28

HP:   -6/113 (116)  AC: 14    Str: 30 (31) XL:     15   Next: 24%
MP:   9/9           EV:  2    Int:  0      God:    Trog [*****.]
Gold: 1309          SH:  0    Dex: 16      Spells: 14/14 levels left

rFire   . . .        h - +2 demon blade (flame)
rCold   x x x        M - +0 kite shield
rNeg    + . .        R - +4 scale mail of Whack-A-Mole {rN+ Str+6 Dex+3}
rPois   .            Q - +1 hat
rElec   .            y - scarf {rF+}
rCorr   .            U - +0 pair of fencer's gloves {Riposte Dex+3}
SInv    .            w - +0 pair of boots
Will    +++..        E - amulet of regeneration Stlth
                     i - +5 ring of evasion
HPRegen 1.00/turn    C - ring of fire
MPRegen 0.11/turn

%: random rage (9%)
@: paralysed, about to teleport, strong-willed, regenerating, slowed, lost
intelligence, wreathed by umbra, studying Evocations, lightly drained, unable to
read, unable to drink
A: horns 2, retaliatory headbutt, [berserk 2], [deformed body], [deterioration
2], [dopey 2], [frail 2], [low MP 3], [inhibited regeneration], [weak 2], [no
potion heal 2], [cold vulnerability 3], [heat vulnerability 2], [inability to
drink after injury 2], [inability to read after injury 2]
a: Renounce Religion, Berserk, Trog's Hand, Brothers in Arms


You were on level 5 of the Abyss.
You worshipped Trog.
Trog was extremely pleased with you.
You visited 3 branches of the dungeon, and saw 18 of its levels.
You visited the Abyss 1 time.
You also visited: Ossuary and Bailey.

You collected 1917 gold pieces.
You spent 608 gold pieces at shops.

Inventory:

Hand Weapons
 h - a +2 demon blade of flaming (weapon)
 H - a +0 sling
 J - a +4 antimagic double sword
 N - a +3 double sword of holy wrath
 Y - a +0 antimagic falchion
Armour
 a - +0 acid dragon scales
 m - a +1 ring mail of poison resistance
 w - a +0 pair of boots (worn)
 y - a scarf of fire resistance (worn)
 z - a +4 scale mail of fire resistance
 I - the scarf "Aqicukin" {shadows, -Tele rC+ MP+9 SInv}
   (You bought it in a shop on level 2 of the Orcish Mines)

   rC:        It protects you from cold.
   MP:        It affects your magic capacity (+9).
   SInv:      It lets you see invisible.
   -Tele:     It prevents most forms of teleportation.
 M - a +0 kite shield (worn)
 Q - a +1 hat (worn)
 R - the +4 scale mail of Whack-A-Mole (worn) {rN+ Str+6 Dex+3}
   (You found it on level 9 of the Dungeon)

   Str:       It affects your strength (+6).
   Dex:       It affects your dexterity (+3).
   rN:        It protects you from negative energy.
 T - a +4 chain mail of cold resistance
 U - the +0 pair of fencer's gloves (worn) {Riposte Dex+3}
   (You found it in a bailey)

   Riposte:   It allows the wearer to riposte with melee weapons, swiftly
   retaliating against missed or blocked melee attacks.
   Dex:       It affects your dexterity (+3).
Jewellery
 i - a +5 ring of evasion (left hand)
 x - a ring of protection from cold
 C - a ring of fire (right hand)
 D - an amulet of magic regeneration
 E - an amulet of regeneration (around neck)
 V - a +6 ring of strength
 W - a ring of protection from cold
Wands
 n - a wand of roots (28)
 O - a wand of flame (22)
 S - a wand of light (6)
 X - a wand of mindburst (7)
 Z - a wand of charming (11)
Scrolls
 b - 4 scrolls of blinking
 c - 5 scrolls of summoning
 e - 14 scrolls of teleportation
 g - 4 scrolls of fear
 o - a scroll of magic mapping
 q - 3 scrolls of enchant armour
 r - 3 scrolls of poison
 t - a scroll of enchant weapon
 v - 2 scrolls of silence
 L - 2 scrolls of fog
Potions
 d - 8 potions of curing
 f - 6 potions of haste
 j - a potion of resistance
 k - 11 potions of lignification
 l - 2 potions of invisibility
 p - 3 potions of ambrosia
 s - 2 potions of might
 u - 3 potions of heal wounds
 A - 3 potions of cancellation
 F - 3 potions of flight
 G - a potion of mutation {unknown}
Miscellaneous
 B - a box of beasts
 K - a phial of floods
 P - a lightning rod (4/4)


   Skills:
 + Level 16.5 Fighting
 - Level 14.3 Long Blades
 * Level 9.3 Ranged Weapons
 + Level 12.5 Armour
 + Level 12.5 Dodging
 - Level 0.1 Stealth
 - Level 10.1 Shields
 * Level 8.6 Evocations


You had 14 spell levels left.
You didn't know any spells.
Your spell library was empty.

Dungeon Overview and Level Annotations

Branches:
Dungeon (11/15)            Temple (0/1) D:4            Lair (5/5) D:9
 Shoals (0/4) Lair:3        Snake (0/4) Lair:2        Slime (0/5) Lair:4
    Orc (2/2) D:11            Elf (0/3) Orc:2       Ossuary (visited)
 Bailey (visited)

Altars:
Ashenzari
Kikubaaqudgha
Nemelex Xobeh
Qazlal
Ru
Trog
Vehumet
Xom
Jiyva

Shops:
D:5 *   D:6 *   D:11 ?   Orc:2 [*=:(

Annotations:
D:9 3 runed translucent doors
Orc:2 1 transporter, dvd2's ghost, journeyman DsDe


Innate Abilities, Weirdness & Mutations

You have a pair of horns on your head.
You reflexively headbutt those who attack you in melee.
[You have an uncontrollable temper.]
[Armour fits poorly on your strangely shaped body.]
[Your body often deteriorates upon taking damage.]
[You are very dopey. (Int -4)]
[You are very frail. (-20% HP)]
[Your magical capacity is extremely low. (-30% MP)]
[You do not regenerate when monsters are visible.]
[You are very weak. (Str -4)]
[Potions cannot restore your health.]
[You are extremely vulnerable to cold. (rC---)]
[You are very vulnerable to heat. (rF--)]
[You sometimes lose the ability to drink potions when taking damage.]
[You sometimes lose the ability to read scrolls when taking damage.]


Message History

You feel less energetic.
Your system partially rejects the healing effects of potions.
Your system completely rejects the healing effects of potions.
The wretched star pulses with an eldritch light!
You occasionally lose the ability to drink potions when taking damage.
You lose the ability to drink potions when taking damage more often.
The profane servitor closely misses you.
You riposte.
You hit the profane servitor but do no damage.
The profane servitor is lightly damaged.
The profane servitor hits you but does no damage.
The profane servitor attacks as you move away!
You block the profane servitor's attack.
The profane servitor hits you with a +1 whip of freezing.
You partially resist.
You feel drained. The profane servitor freezes you.
The wretched star pulses with an eldritch light!
You feel vulnerable to heat. x2
The profane servitor hits you but does no damage. x2
The profane servitor misses you.
The profane servitor hits you but does no damage.
The sixfirhy attacks as you move away! The sixfirhy closely misses you.
You block the sixfirhy's attack. x2; You riposte.
You barely miss the sixfirhy. You block the sixfirhy's attack.
The wretched star pulses with an eldritch light!
Your regeneration stops near monsters.
You feel stupid. x2
You have lost your intelligence.
The sixfirhy hits you. The sixfirhy shocks you!
The sixfirhy hits you but does no damage.
The sixfirhy hits you.
* * * LOW HITPOINT WARNING * * *
The sixfirhy shocks you!
* * * LOW HITPOINT WARNING * * *
The profane servitor hits you but does no damage. x2
The profane servitor hits you with a +1 whip of freezing!!
You feel threatened and lose the ability to read scrolls!
You feel threatened and lose the ability to drink potions!
* * * LOW HITPOINT WARNING * * *
The profane servitor draws strength from your injuries!
The profane servitor freezes you!
You die...

#......... . .#.#.....
#. ......... .........
...... .#### .##.#..
#... ........ .......
##.. ......#...#....# ..
# ............*.....#...
#........ ...#3.#.......
## . #... ...#h#A.......
. .......#h#.@*...#...
###............#.#......
##..#....#........#...
##.. ...#.##...#.....
###.. ..............
##....##....#..#.. ##...
#...#....## ##.. .#....
#. ..


You could see a profane servitor, 2 wretched stars, a hell hog and a sixfirhy.

Vanquished Creatures
  An orc warlord (Orc:2)
  The ghost of glosham the Scorcher, a journeyman DsRe of Cheibriados (Lair:3)
  An ettin (Orc:2)
  Snorg (Lair:4)
  A great orb of eyes (Abyss:4)
  Fannar (Lair:3)
  6 hydras
  2 two-headed ogres
  The ghost of dvd2 the Frost Mage, a novice NaIE of Cheibriados (D:9)
  7 death yaks
  7 orc high priests (Orc:2)
  Urug (Lair:3)
  A skyshark (Lair:5)
  A wretched star (Abyss:5)
  2 goliath frogs (Lair:5)
  An orange crystal statue (D:9)
  A deep elf zephyrmancer (Bailey)
  4 lindwurms (Lair:5)
  4 orc knights
  A manticore (Lair:3)
  2 cyclopes (D:11)
  19 elephants
  6 black mambas
  2 moths of wrath (Orc:2)
  A torpor snail (Lair:4)
  An eye of devastation (Lair:4)
  A smoke demon (Abyss:4)
  A large abomination (Abyss:4)
  28 cane toads
  2 kobold demonologists (D:11)
  4 rime drakes
  An efreet (D:11)
  7 komodo dragons
  A meliai (Lair:3)
  2 tyrant leeches (Lair:5)
  8 trolls
  A queen bee (Lair:3)
  A hornet (Lair:3)
  A polar bear (Lair:2)
  Prince Ribbit (D:8)
  Grinder (D:3)
  A wind drake (Lair:3)
  20 blink frogs
  A slime creature (D:9)
  Sigmund (D:6)
  A shadow (D:11)
  2 basilisks
  42 yaks
  7 wyverns
  2 steam dragons
  7 vampire mosquitoes
  An acid dragon (D:8)
  3 swamp worms (Lair:4)
  6 wargs (Orc:2)
  21 water moccasins
  A floating eye (Lair:4)
  2 black bears
  6 ice beasts
  31 orc warriors
  3 centaurs
  14 ogres
  25 wolves
  A phantom (D:6)
  2 elf zombies (Ossuary)
  17 bullfrogs
  4 kobold brigands
  5 gnoll sergeants
  5 scorpions
  13 wights
  12 killer bees
  4 howler monkeys
  7 electric eels
  4 hounds (D:5)
  2 human zombies (Ossuary)
  6 jellies
  28 orc priests
  Jessica (D:3)
  2 gnoll boudas
  Ijyb (D:4)
  Terence (D:2)
  5 iguanas
  Natasha (thrice) (D:2)
  13 orc wizards
  A hound zombie (Ossuary)
  5 mummies
  Robin (D:2)
  22 gnolls
  5 adders
  A shadow imp (D:7)
  A white imp (D:4)
  An ufetubus (D:6)
  2 worms
  3 dart slugs
  85 orcs
  6 ball pythons
  3 bats
  3 endoplasms
  4 giant cockroaches
  A gnoll zombie (Ossuary)
  10 goblins
  13 hobgoblins
  4 quokkas
  A frilled lizard (D:3)
  A hobgoblin zombie (Ossuary)
  A jackal zombie (Ossuary)
  19 kobolds
  A kobold zombie (D:4)
  3 orc zombies
  5 rats
  2 rat zombies (Ossuary)
673 creatures vanquished.

Vanquished Creatures (collateral kills)
  An ettin (Orc:2)
  An orc warrior (Orc:2)
  2 orcs (Orc:2)
4 creatures vanquished.

Vanquished Creatures (others)
  A lurking horror (Abyss:5)
1 creature vanquished.

Grand Total: 678 creatures vanquished

Notes
Turn   | Place    | Note
-------+----------+-------------------------------------------
     0 | D:1      | Almogavar the Minotaur Berserker began the quest for the
                  | Orb.
     0 | D:1      | Reached XP level 1. HP: 19/19 MP: 0/0
   119 | D:1      | Found a faded altar of an unknown god.
   533 | D:1      | Reached XP level 2. HP: 27/27 MP: 1/1
   716 | D:2      | Reached skill level 4 in Fighting
   853 | D:2      | Noticed Natasha
   860 | D:2      | Killed Natasha
   861 | D:2      | Reached XP level 3. HP: 11/34 MP: 2/2
   921 | D:2      | Noticed Natasha
   929 | D:2      | HP: 2/51 [Natasha/magic dart (7)]
   930 | D:2      | Killed Natasha
   931 | D:2      | Reached XP level 4. HP: 3/41 MP: 3/3
  1104 | D:2      | Reached skill level 5 in Long Blades
  1173 | D:2      | Noticed Terence
  1179 | D:2      | Noticed Natasha
  1179 | D:2      | Killed Terence
  1184 | D:2      | Killed Natasha
  1286 | D:2      | Reached ** piety under Trog
  1287 | D:2      | Reached XP level 5. HP: 43/47 MP: 4/4
  1366 | D:2      | Noticed Robin
  1380 | D:2      | Killed Robin
  1613 | D:3      | Noticed Jessica
  1621 | D:3      | Killed Jessica
  1837 | D:3      | Noticed Grinder
  1845 | D:3      | Killed Grinder
  1846 | D:3      | Reached skill level 5 in Fighting
  1846 | D:3      | Reached XP level 6. HP: 56/56 MP: 5/5
  2085 | D:4      | Noticed Ijyb
  2112 | D:4      | Killed Ijyb
  2124 | D:4      | Found a sand-covered staircase.
  2129 | Ossuary  | Entered an ossuary
  2144 | Ossuary  | Reached XP level 7. HP: 27/61 MP: 6/6
  2157 | Ossuary  | Reached *** piety under Trog
  2601 | D:4      | Found a broken altar of Ashenzari.
  2635 | D:4      | Found a sacrificial altar of Ru.
  2856 | D:4      | Reached skill level 6 in Fighting
  2890 | D:4      | Found a staircase to the Ecumenical Temple.
  3112 | D:5      | Entered Level 5 of the Dungeon
  3150 | D:5      | Reached skill level 5 in Armour
  3345 | D:5      | Reached XP level 8. HP: 70/70 MP: 7/7
  3585 | D:5      | Found Nukheinn's Fire Supplies.
  3601 | D:5      | Bought a scarf of fire resistance for 132 gold pieces
  3869 | D:5      | Reached skill level 5 in Dodging
  3981 | D:5      | Found a radiant altar of Vehumet.
  4315 | D:5      | Reached **** piety under Trog
  4316 | D:5      | Reached skill level 7 in Fighting
  4711 | D:6      | Noticed Sigmund
  4717 | D:6      | Killed Sigmund
  4718 | D:6      | Reached skill level 10 in Long Blades
  4718 | D:6      | Reached XP level 9. HP: 79/79 MP: 8/8
  5204 | D:6      | Found a shimmering altar of Xom.
  5503 | D:6      | Found Afroniw's General Store.
  5509 | D:6      | Bought a potion of heal wounds for 75 gold pieces
  6149 | D:7      | Reached skill level 8 in Fighting
  6480 | D:7      | Reached ***** piety under Trog
  6489 | D:7      | Reached skill level 1 in Evocations
  6888 | D:8      | Noticed Prince Ribbit
  6909 | D:8      | Killed Prince Ribbit
  6910 | D:8      | Reached XP level 10. HP: 90/90 MP: 9/9
  6994 | D:8      | Found a sparkling altar of Nemelex Xobeh.
  7314 | D:8      | Reached skill level 1 in Shields
  7576 | D:9      | Reached skill level 9 in Fighting
  7920 | D:9      | Found a runed translucent door.
  7997 | D:9      | Found a runed translucent door.
  8040 | D:9      | Found a runed translucent door.
  8056 | D:9      | Found a runed translucent door.
  8077 | D:9      | Noticed a two-headed ogre
  8106 | D:9      | Found a bloodstained altar of Trog.
  8256 | D:9      | Identified the +4 scale mail of Whack-A-Mole {rN+ Str+6
                  | Dex+3}
  8274 | D:9      | Noticed dvd2's ghost (novice NaIE)
  8275 | D:9      | Found a runed translucent gate.
  8275 | D:9      | Found a runed translucent gate.
  8275 | D:9      | Found a runed translucent gate.
  8281 | D:9      | Found a viscous altar of Jiyva.
  8508 | D:9      | Found a staircase to the Lair.
  8652 | D:9      | Noticed an orange crystal statue
  8662 | D:9      | Killed a two-headed ogre
  8784 | D:9      | Killed dvd2's ghost
  9030 | D:9      | Noticed a two-headed ogre
  9043 | D:9      | Killed an orange crystal statue
  9044 | D:9      | Reached XP level 11. HP: 38/99 MP: 0/10
  9556 | D:10     | Entered Level 10 of the Dungeon
  9666 | D:10     | Found a flagged portal.
  9683 | Bailey   | Entered a bailey
  9755 | Bailey   | Noticed an orc knight
  9778 | Bailey   | Reached skill level 10 in Fighting
  9792 | Bailey   | Received a gift from Trog
  9809 | Bailey   | Killed an orc knight
  9810 | Bailey   | Reached skill level 5 in Shields
  9997 | Bailey   | Found a large runed translucent door.
  9997 | Bailey   | Found a large runed translucent door.
  9998 | Bailey   | Noticed a deep elf zephyrmancer
 10000 | Bailey   | Found the +0 pair of fencer's gloves {Riposte Dex+3}
 10126 | Bailey   | Killed a deep elf zephyrmancer
 10916 | D:10     | Found an ancient bone altar of Kikubaaqudgha.
 11084 | D:10     | Found a stormy altar of Qazlal.
 11307 | D:11     | Found a staircase to the Orcish Mines.
 11605 | D:11     | Found Biumm's Magic Scroll Shoppe.
 11968 | D:11     | Reached skill level 10 in Armour
 12089 | Lair:1   | Entered Level 1 of the Lair of Beasts
 12133 | Lair:1   | Reached skill level 11 in Fighting
 12313 | Lair:1   | Reached XP level 12. HP: 110/110 MP: 11/11
 12999 | Lair:2   | Noticed a seven-headed hydra
 12999 | Lair:2   | Noticed a seven-headed hydra
 13010 | Lair:2   | Killed a two-headed hydra
 13011 | Lair:2   | Reached skill level 12 in Fighting
 13017 | Lair:2   | Killed a two-headed hydra
 13031 | Lair:2   | Noticed a death yak
 13052 | Lair:2   | Killed a death yak
 13149 | Lair:2   | Noticed a six-headed hydra
 13160 | Lair:2   | Killed a two-headed hydra
 13161 | Lair:2   | Reached skill level 10 in Shields
 13171 | Lair:2   | Noticed a seven-headed hydra
 13183 | Lair:2   | Killed a two-headed hydra
 13407 | Lair:2   | Reached skill level 1 in Ranged Weapons
 13435 | Lair:2   | Found a staircase to the Snake Pit.
 13445 | Lair:2   | Reached XP level 13. HP: 119/119 MP: 12/12
 13641 | Lair:2   | Reached skill level 13 in Fighting
 13653 | Lair:2   | Reached skill level 5 in Evocations
 14073 | Lair:3   | Reached skill level 10 in Dodging
 14263 | Lair:3   | Noticed Urug
 14276 | Lair:3   | Killed Urug
 14349 | Lair:3   | Noticed glosham's ghost (journeyman DsRe)
 14466 | Lair:3   | Found a transporter.
 14466 | Lair:3   | Found a transporter.
 14787 | Lair:2   | Received a gift from Trog
 14847 | Lair:3   | Found a staircase to the Shoals.
 14895 | Lair:3   | Noticed Fannar
 14933 | Lair:3   | Killed Fannar
 14934 | Lair:3   | Reached skill level 14 in Fighting
 15360 | Lair:3   | Killed glosham's ghost
 15394 | Lair:3   | Identified the staff of conjuration "Kiajamp" {Stlth+}
 15447 | Lair:4   | Paralysed by a floating eye for 2 turns
 15452 | Lair:4   | Paralysed by a floating eye for 3 turns
 15462 | Lair:4   | Found a staircase to the Slime Pits.
 15475 | Lair:4   | Noticed Snorg
 15488 | Lair:4   | Killed Snorg
 15781 | Lair:4   | Reached XP level 14. HP: 112/133 MP: 13/13
 15908 | Lair:4   | Reached skill level 5 in Ranged Weapons
 16024 | Lair:4   | Identified the +8 short sword "Xuid" {heavy, Int+2 Dex+3
                  | Stlth+}
 16251 | Lair:5   | Entered Level 5 of the Lair of Beasts
 16483 | Lair:5   | Reached skill level 15 in Fighting
 16718 | Lair:5   | Identified the +5 morningstar "Ofacias" {freeze, rElec}
 16816 | Lair:5   | Reached ****** piety under Trog
 16836 | Lair:5   | Received a gift from Trog
 17720 | Lair:5   | Identified a scroll of acquirement
 17721 | Lair:5   | Acquired a manual of Evocations
 17984 | Orc:1    | Entered Level 1 of the Orcish Mines
 18448 | Orc:2    | Entered Level 2 of the Orcish Mines
 18790 | Orc:2    | Received a gift from Trog
 19053 | Orc:2    | Found Xaaniff's Assorted Antiques.
 19053 | Orc:2    | Found Mataw's Armour Shop.
 19068 | Orc:2    | Bought the scarf "Aqicukin" {shadows, -Tele rC+ MP+9 SInv}
                  | for 401 gold pieces
 19158 | Orc:2    | Found a transporter.
 19161 | Orc:2    | Reached skill level 16 in Fighting
 19177 | Orc:2    | Found a transporter.
 19183 | Orc:2    | Noticed an orc warlord
 19231 | Orc:2    | Killed an orc warlord
 19232 | Orc:2    | Reached XP level 15. HP: 103/144 MP: 14/14
 19393 | Orc:2    | Found a staircase to the Elven Halls.
 19399 | Orc:2    | Noticed dvd2's ghost (journeyman DsDe)
 19408 | Orc:2    | Found a bloodstained altar of Trog.
 19429 | Orc:2    | Found Onen's Antique Weapon Shoppe.
 19451 | Orc:2    | Found Viemaob's Book Shop.
 19540 | Orc:2    | Found Asuob's Jewellery Boutique.
 19580 | Orc:2    | Received a gift from Trog
 19950 | Abyss:3  | Cast into level 3 of the Abyss (dvd2's ghost)
 20004 | Abyss:4  | Found a corrupted altar of Lugonu.
 20040 | Abyss:5  | Noticed a profane servitor
 20056 | Abyss:5  | Lost intelligence.
 20058 | Abyss:5  | HP: 3/113 [profane servitor/+1 whip of freezing (18)]
 20058 | Abyss:5  | Mangled by a profane servitor

Illustrated notes

Levels and vault maps discovered:
D:1:      onia_arrival_mini_maze, layout_basic,
          hellmonk_ecumenical_altar_run_dry
D:2:      layout_rooms, kennysheep_generic_room_5, uniq_terence, uniq_robin,
          uniq_natasha
D:3:      layout_rooms, minmay_door_square, minmay_misc_feat_columns,
          uniq_grinder, uniq_jessica
D:4:      layout_loops_ring, lemuel_crystal_altar, mainiacjoe_overflow_catwalk,
          minmay_temple_entry_fiery, nicolae_ossuary_entry_giza, uniq_ijyb
D:5:      layout_loops_ring, nicolae_vehumet_altar_sigil, nicolae_shop_fire_sale
          [nicolae_sub_dead_trees], minmay_joined_circles
D:6:      nicolae_cairo_tiling_very_big, layout_basic, general_overflow_altar,
          serial_shops, shop, kennysheep_generic_room_10, uniq_sigmund
D:7:      layout_gridville, columned_hall_lemuel, nicolae_hexahallways,
          st_stairs_9
D:8:      layout_rooms, nemelex_spade_bored_becter, uniq_prince_ribbit1
D:9:      layout_basic, trog_three_pillars_becter, lair_entry_dummy,
          gammafunk_ghost_ooze, minmay_statue_crystal_thing
D:10:     layout_roguey, amcnicky_altar_gilded, mainiacjoe_overflow_alcove_1,
          enter_bailey_2, kennysheep_boxes
D:11:     layout_roguey, david_orc_2, serial_shops, shop
Lair:1:   layout_roguey
Lair:2:   nzn_winding_woodlands_small [nzn_winding_woodlands_5x15_lazy_stream,
          nzn_winding_woodlands_center_lodge, nzn_winding_woodlands_5x15_pool],
          layout_regular_city, minmay_snake_entry_six_corridors
Lair:3:   layout_regular_city, minmay_shoals_entry_beasts, gammafunk_ghost_hive,
          chequers_serial_rivers_small_a, infiniplex_staircase_pool, uniq_urug,
          uniq_fannar
Lair:4:   layout_loops_ring, minmay_slime_entry_eyes, worms_lemuel,
          grunt_megastairs_1, uniq_snorg
Lair:5:   minmay_lair_end_frog_pond, layout_small_grid, minmay_lindwurm_lava
Orc:1:    layout_diamond_mine, basic_altar
Orc:2:    st_orc_town, layout_caves, serial_shops, nicolae_shop_gaudy_bauble,
          gammafunk_ghost_wrathful_warriors, sword_in_stone
Abyss:5:  base: D:4, base: Lair:4, base: Orc:2, minivault_20,
          grunt_abyss_rune_wretched_hive, bh_abyss_exit_grid, minivault_28

Skill      XL: |  1  2  3  4  5  6  7  8  9 10 11 12 13 14 15 |
---------------+----------------------------------------------+-----
Long Blades    | 4 5 6 7 8 10 12 13 14 | 14.3
Fighting       | 4 5 6 7 8 9 11 12 14 16 | 16.5
Armour         | 3 4 5 6 8 10 11 12 | 12.5
Dodging        | 4 5 6 7 8 9 11 12 | 12.5
Evocations     | 1 2 4 6 8 |  8.6
Shields        | 4 7 10 | 10.1
Ranged Weapons | 1 4 8 9 |  9.3
Stealth        | |  0.1

Action                     |  1- 3 |  4- 6 |  7- 9 | 10-12 | 13-15 || total
---------------------------+-------+-------+-------+-------+-------++-------
  Melee: Falchion          |    42 |   120 |   420 |   657 |   772 ||  2011
         Headbutt          |    11 |    26 |    98 |   205 |   351 ||   691
         Punch             |     1 |     1 |     7 |     5 |       ||    14
         Demon blade       |       |       |       |       |   276 ||   276
   Fire: Sling             |       |       |       |       |   107 ||   107
 Invoke: Berserk           |     1 |     2 |     4 |     6 |     6 ||    19
         Trog's Hand       |       |       |       |     2 |     7 ||     9
         Brothers in Arms  |       |       |       |       |     2 ||     2
  Evoke: Wand              |       |       |     3 |     4 |     7 ||    14
         Lightning rod     |       |       |       |     2 |     1 ||     3
    Use: Scroll            |     1 |     4 |     7 |     8 |    17 ||    37
         Potion            |       |       |       |     2 |     4 ||     6
 Armour: Animal skin       |     1 |       |       |       |       ||     1
         Leather armour    |     8 |     1 |       |       |       ||     9
         Ring mail         |       |    39 |    75 |    63 |    75 ||   252
         Scale mail        |       |       |       |    57 |    88 ||   145
  Dodge: Dodged            |    23 |   104 |   307 |   498 |   608 ||  1540
  Block: Kite shield       |       |       |       |   112 |   523 ||   635
Riposte: Falchion          |       |       |       |    95 |   205 ||   300
         Demon blade       |       |       |       |       |    68 ||    68
